 Dungeon Crawl Stone Soup version 0.20.1-1-g8b1a95d (webtiles) character file.

362 Folque the Magician (level 6, -3/42 HPs)
             Began as an Octopode Wizard on Nov 5, 2017.
             Slain by Pikel
             ... wielding a +1 whip of freezing
              (7 damage)
             ... on level 4 of the Dungeon.
             The game lasted 00:15:20 (3228 turns).

Folque the Magician (Octopode Wizard)               Turns: 3228, Time: 00:15:21

Health: -3/42      AC:  1    Str:  6    XL:     6   Next: 66%
Magic:  1/12       EV: 13    Int: 23    God:
Gold:   125        SH:  0    Dex: 10    Spells: 6/14 levels left

rFire    . . .     SeeInvis .   p - +2 hand axe (flame)
rCold    . . .     Gourm    .   (no shield)
rNeg     + . .     Faith    .   a - +0 hat
rPois    .         Spirit   .   (no amulet)
rElec    .         Reflect  .   C - ring of positive energy
rCorr    .         Harm     .   v - ring of stealth
MR       .....                  (no ring)
Stlth    ++++......             (no ring)
Regen    0.2/turn               (no ring)
MPRegen  0.2/turn               (no ring)
                                (no ring)
                                (no ring)

@: no status effects
A: almost no armour, stealthy swim, amphibious, 8 rings, constrict 8, camouflage
1, gelatinous body 1
a: no special abilities


You were on level 4 of the Dungeon.
You were not hungry.

You visited 1 branch of the dungeon, and saw 4 of its levels.

You collected 125 gold pieces.

Inventory:

Hand Weapons
 f - a +0 scythe
 i - a +0 blowgun
 m - a +0 spear
 p - a +2 hand axe of flaming (weapon)
 y - a +1 dagger of holy wrath
Missiles
 t - 4 curare-tipped needles
Armour
 a - a +0 hat (worn)
Jewellery
 v - a ring of stealth (right tentacle)
 C - a ring of positive energy (left tentacle)
Wands
 z - a wand of flame (21/48)
Scrolls
 d - 3 scrolls of remove curse
 e - 6 scrolls of identify
 k - a scroll of magic mapping {unknown}
 n - a scroll of enchant armour {unknown}
 o - a scroll of teleportation
 q - a scroll of fog {unknown}
 r - a scroll of fear {unknown}
 s - a scroll of random uselessness {unknown}
 w - a scroll of recharging {unknown}
 A - a scroll of amnesia
Potions
 g - a potion of ambrosia {unknown}
 h - a potion of cancellation {unknown}
 l - a potion of curing
 u - a potion of brilliance {unknown}
Books
 b - a book of Minor Magic

   Spells                             Type                      Level
   a - Magic Dart                     Conjuration                  1
   b - Blink                          Translocation                2
   c - Call Imp                       Summoning                    2
   d - Slow                           Hexes                        2
   e - Conjure Flame                  Conjuration/Fire             3
   f - Mephitic Cloud                 Conjuration/Poison/Air       3
Comestibles
 c - 2 bread rations
 j - 2 royal jellies
 x - 5 chunks of flesh
 B - 4 fruits


   Skills:
 - Level 3.0 Fighting
 - Level 2.0 Dodging
 - Level 2.6 Stealth
 + Level 4.5 Spellcasting
 * Level 3.1 Conjurations
 - Level 1.0 Summonings
 - Level 1.0 Translocations
 - Level 3.1 Poison Magic


You had 6 spell levels left.
You knew the following spells:

 Your Spells              Type           Power        Failure   Level  Hunger
a - Magic Dart            Conj           ###.         2%          1    None
b - Call Imp              Summ           #.......     10%         2    None
c - Blink                 Tloc           N/A          10%         2    None
d - Mephitic Cloud        Conj/Pois/Air  ##......     12%         3    ##.....


Dungeon Overview and Level Annotations

Branches:
Dungeon (4/15)
 Temple: D:4-7

Altars:
Cheibriados
Elyvilon

Annotations:
D:4 Pikel


Innate Abilities, Weirdness & Mutations

You cannot wear most types of armour.
You are very stealthy in the water. (Stealth+)
You are amphibious.
You can wear up to eight rings at the same time.
You can use your tentacles to constrict eight enemies at once.
Your skin changes colour to match your surroundings (Stealth+).
Your rubbery body absorbs attacks. (AC +1, EV +1)


Message History

The slave seems less confused.
The slave hits you!
* * * LOW HITPOINT WARNING * * *
Casting: Mephitic Cloud
Confirm with . or Enter, or press ? or * to list all spells.
You don't know that spell.
Casting: Mephitic Cloud
Confirm with . or Enter, or press ? or * to list all spells.
Aiming: Mephitic Cloud
Press: ? - help, Shift-Dir - straight line, f - Pikel
Aim: Pikel, wielding a whip of freezing and wearing a robe (almost dead) That beam is likely to hit you.
Continue anyway?
The ball explodes into a vile cloud!
The stinking cloud engulfs Pikel.
Pikel is almost dead.
The stinking cloud engulfs the slave.
The slave is moderately wounded.
The stinking cloud engulfs the slave.
The stinking cloud engulfs you!
The slave is engulfed in noxious fumes.
The slave appears confused.
Pikel is engulfed in noxious fumes.
Pikel hits you with a whip of freezing!
You die...

#....###....#
#....>#..#..# .
##.......<$>#
.##
#..........#...#
##...<[<.......#
##.............#
##...p.##$.....
##§K§## #.....
#.p@# .....
#...# ....#
#..## ..## #..#
.. #..# #..#
#..# #..# #.K##


You could see Pikel and 2 slaves.

Vanquished Creatures
  Sigmund (D:3)
  A slave (D:4)
  A bullfrog zombie (D:3)
  Ijyb (D:3)
  2 worker ants (D:4)
  2 adders
  An ooze (D:2)
  A worm (D:3)
  4 dart slugs
  2 leopard geckos
  An orc (D:3)
  3 giant cockroaches
  3 goblins
  5 hobgoblins
  A quokka (D:2)
  8 bats
  3 frilled lizards
  7 kobolds
  3 rats (D:2)
50 creatures vanquished.

Vanquished Creatures (collateral kills)
  A slave (D:4)
  2 adders (D:2)
  2 oozes (D:1)
  2 worms
  2 dart slugs
  A leopard gecko (D:1)
  2 hobgoblins
  A quokka (D:4)
13 creatures vanquished.

Vanquished Creatures (others)
  A bat (D:3)
1 creature vanquished.

Grand Total: 64 creatures vanquished

Notes
Turn   | Place    | Note
-------+----------+-------------------------------------------
     0 | D:1      | Folque the Octopode Wizard began the quest for the Orb.
     0 | D:1      | Reached XP level 1. HP: 11/11 MP: 4/4
   198 | D:1      | Reached skill level 1 in Fighting
   227 | D:1      | Reached XP level 2. HP: 11/18 MP: 6/6
   234 | D:1      | Learned a level 2 spell: Call Imp
   237 | D:1      | Learned a level 2 spell: Blink
   458 | D:1      | Reached XP level 3. HP: 24/24 MP: 5/7
   463 | D:1      | Learned a level 3 spell: Mephitic Cloud
   554 | D:1      | You fall through a shaft!
   600 | D:2      | Found a white marble altar of Elyvilon.
  1001 | D:2      | Reached XP level 4. HP: 14/30 MP: 0/9
  1538 | D:3      | Found a snail-covered altar of Cheibriados.
  1764 | D:3      | Reached skill level 1 in Poison Magic
  1764 | D:3      | Reached XP level 5. HP: 36/36 MP: 10/10
  2028 | D:3      | Noticed Sigmund
  2082 | D:3      | Killed Sigmund
  2082 | D:3      | Reached skill level 4 in Spellcasting
  2082 | D:3      | Reached XP level 6. HP: 38/42 MP: 0/12
  2342 | D:3      | Noticed Ijyb
  2366 | D:3      | Killed Ijyb
  2703 | D:4      | Noticed Pikel
  2703 | D:4      | Noticed a slave
  2703 | D:4      | Noticed a slave
  2703 | D:4      | Noticed a slave
  2703 | D:4      | Noticed a slave
  2712 | D:4      | Killed a slave
  2719 | D:4      | HP: 2/42 [slave[Pikel] (6)]
  3184 | D:4      | Killed a slave
  3228 | D:4      | Slain by Pikel

Skill      XL: |  1  2  3  4  5  6 |
---------------+-------------------+-----
Fighting       | 1 2 3 |  3.0
Poison Magic   | 1 3 |  3.1
Spellcasting   | 4 |  4.5
Conjurations   | 2 3 |  3.1
Dodging        | |  2.0
Stealth        | |  2.6
Summonings     | |  1.0
Translocations | |  1.0

Action                   |  1- 3 |  4- 6 || total
-------------------------+-------+-------++-------
Melee: Unarmed           |    11 |       ||    11
       Constrict         |     7 |    22 ||    29
       Tentacles         |     4 |    11 ||    15
       Spear             |    21 |       ||    21
       Hand axe          |    20 |    83 ||   103
       Scythe            |       |    11 ||    11
 Cast: Magic Dart        |    15 |     6 ||    21
       Call Imp          |    11 |     8 ||    19
       Mephitic Cloud    |       |    11 ||    11
       Blink             |       |     1 ||     1
  Use: Scroll            |     2 |     3 ||     5
       Potion            |       |     2 ||     2
 Stab: Sleeping          |     6 |     6 ||    12
       Distracted        |       |     1 ||     1
       Confused          |       |     5 ||     5
  Eat: Chunk             |     1 |     7 ||     8
Armor: Skin              |     3 |     6 ||     9
Dodge: Dodged            |    24 |    49 ||    73
